 Dungeon Crawl Stone Soup version 0.30.0-20-g3615ddf2f0 (webtiles) character file.

Game seed: 11867082614121022610

119 qw the Chopper (level 5, -4/32 HPs)
             Began as a Gargoyle Fighter on May 27, 2023.
             Slain by Grinder (6 damage)
             ... on level 3 of the Dungeon.
             The game lasted 00:00:58 (2225 turns).

qw the Chopper (Gargoyle Fighter)                   Turns: 2225, Time: 00:00:58

Health: -4/32      AC: 12    Str: 22    XL:     5   Next: 3%
Magic:  5/5        EV: 10    Int:  8    God:
Gold:   84         SH:  5    Dex: 15    Spells: 4/4 levels left

rFire   . . .        Y - +0 war axe
rCold   + . .        c - +0 buckler
rNeg    + . .        b - +0 scale mail
rPois   inf          (no helmet)
rElec   +            (no cloak)
rCorr   .            (no gloves)
SInv    .            k - +0 pair of boots
Will    .....        (no amulet) Stlth
                     e - ring of protection from cold
HPRegen 0.25/turn    f - +6 ring of dexterity
MPRegen 0.09/turn

%: no passive effects
@: about to teleport
A: sickness immunity, AC +4, negative energy resistance 1, electricity
resistance, torment resistance 1, petrification resistance
a: no special abilities


You were on level 3 of the Dungeon.
You visited 1 branch of the dungeon, and saw 3 of its levels.

You collected 84 gold pieces.


Innate Abilities, Weirdness & Mutations

You are immune to sickness and miasma.
Your stone body is resilient. (AC +4)
You are immune to poison.
You resist negative energy. (rN+)
You are resistant to electric shocks. (rElec)
You are resistant to unholy torment.
You are immune to petrification.


   Skills:
 - Level 3.2 Fighting
 + Level 3.9 Axes
 - Level 0.7 Throwing
 - Level 3.2 Armour
 - Level 1.5 Dodging
 - Level 3.2 Shields


You had 4 spell levels left.
You didn't know any spells.
Your spell library was empty.

Inventory:

Hand Weapons
 a - a +0 morningstar
 Y - a +0 war axe (weapon)
Armour
 b - a +0 scale mail (worn)
 c - a +0 buckler (worn)
 k - a +0 pair of boots (worn)
Jewellery
 e - a ring of protection from cold (left hand)
 f - a +6 ring of dexterity (right hand)
Scrolls
 m - a scroll of teleportation
Potions
 d - a potion of might
 g - a potion of mutation {unknown}
 i - a potion of cancellation {unknown}
 j - a potion of attraction
 n - a potion of curing {unknown}

Dungeon Overview and Level Annotations

Branches:
Dungeon (3/15)

Altars:
Ru

Annotations:
D:3 Grinder


Message History

You hit Grinder.
Grinder is lightly wounded.
You slash Ijyb! You block Grinder's attack. You block Ijyb's attack.
You slash Ijyb!
Ijyb is severely wounded.
You closely miss Grinder. Grinder hits you but does no damage.
Ijyb hits you with a +0 dagger.
You hit Ijyb but do no damage.
Ijyb is severely wounded.
You hit Grinder. Grinder closely misses you. Ijyb hits you with a +0 dagger.
Grinder blinks!
Ijyb hits you with a +0 dagger.
You slash Ijyb!
Ijyb is almost dead.
Ijyb hits you but does no damage.
You closely miss Ijyb.
Ijyb is almost dead.
Grinder gestures at you.
You suddenly lose the ability to move!
Ijyb hits you but does no damage. Ijyb hits you but does no damage. x2
Grinder hits you but does no damage. Ijyb hits you but does no damage.
Grinder hits you.
You writhe in agony.
Ijyb screams, "Me kill you!" Ijyb hits you with a +0 dagger.
You can move again.
2223 ||| READING 2 scrolls of teleportation.
As you read the scroll of teleportation, it crumbles to dust.
You feel strangely unstable. Grinder hits you.
You writhe in agony.
Ijyb hits you but does no damage.
You slash Ijyb!
You kill Ijyb!
You hit Grinder. Grinder hits you but does no damage. x2
Your Dodging skill increases to level 1!
You have reached level 5!
You barely miss Grinder.
Grinder is moderately wounded.
Grinder hits you.
You die...

...#####.# .........##.
.._ ##.########.#... .#
# #.# #..... .#.# #.#
#..#. #.#.# #%########
#...##.... #.#......#
#...#..# #.#......#
#5)...###
#.#......#####.@.....#
##.##'##'#...##..#..#.#
......##.#...##.......#
......##.#...###.##.#.#
.......#.#<..%...# # .#
......##.+...?......# .
#####.####...#####..#
### #..(# ....# #...#
#....


You could see Grinder.

Vanquished Creatures
  Jessica (D:2)
  Ijyb (D:3)
  An adder (D:2)
  A worm (D:2)
  A dart slug (D:3)
  An orc (D:3)
  4 ball pythons
  4 bats
  3 endoplasms
  A giant cockroach (D:1)
  6 goblins
  A hobgoblin (D:2)
  8 jackals
  5 kobolds
  3 quokkas
  6 frilled lizards
  3 rats
50 creatures vanquished.

Notes
Turn   | Place    | Note
-------+----------+-------------------------------------------
     0 | D:1      | qw the Gargoyle Fighter began the quest for the Orb.
     0 | D:1      | Reached XP level 1. HP: 14/14 MP: 1/1
     0 | D:1      | 0 ||| qw: Version: 0.2-a-99-gce666ed
     0 | D:1      | 0 ||| qw: Game counter: 127
     0 | D:1      | 0 ||| qw: Always use a shield: true
     0 | D:1      | 0 ||| qw: God list: Okawaru
     0 | D:1      | 0 ||| qw: Allow faded altars: false
     0 | D:1      | 0 ||| qw: Do Orc after D:15 true
     0 | D:1      | 0 ||| qw: Do second Lair branch before Depths: true
     0 | D:1      | 0 ||| qw: Lair rune preference: random
     0 | D:1      | 0 ||| qw: Plans: Normal, Zot:1-4, God:TSO, Crypt, Tomb,
                  | Pan, Slime:5, Hells, Abyss, Win
     0 | D:1      | 0 ||| PLANNING D:1-11
    31 | D:1      | 31 ||| Stepping ~*~*~tactically~*~*~ (stealth).
    33 | D:1      | 33 ||| Stepping ~*~*~tactically~*~*~ (stealth).
    92 | D:1      | Reached XP level 2. HP: 19/19 MP: 2/2
   101 | D:1      | 101 ||| Stepping ~*~*~tactically~*~*~ (stealth).
   286 | D:1      | 286 ||| DROPPING +0 club.
   358 | D:1      | Reached skill level 3 in Axes
   447 | D:1      | 447 ||| Stepping ~*~*~tactically~*~*~ (hiding).
   456 | D:1      | 456 ||| Stepping ~*~*~tactically~*~*~ (stealth).
   530 | D:1      | Reached XP level 3. HP: 22/23 MP: 3/3
   833 | D:1      | 833 ||| UPGRADING to +0 pair of boots.
   838 | D:1      | 838 ||| UPGRADING to ring of protection from cold.
   839 | D:1      | 839 ||| DROPPING ring of flight.
   840 | D:1      | 840 ||| READING scroll labelled GOTOUWKUHO.
   841 | D:1      | 841 ||| READING scroll labelled OMPEPUMOFO.
   842 | D:1      | 842 ||| READING 3 scrolls labelled EBERRU LUTEM.
   847 | D:1      | 847 ||| DRINKING 2 fizzy emerald potions.
   918 | D:2      | Found a sacrificial altar of Ru.
  1002 | D:2      | 1002 ||| DROPPING +0 whip.
  1284 | D:2      | Noticed Jessica
  1291 | D:2      | Killed Jessica
  1292 | D:2      | Reached XP level 4. HP: 26/28 MP: 4/4
  1602 | D:2      | 1602 ||| Stepping ~*~*~tactically~*~*~ (hiding).
  1869 | D:2      | 1869 ||| DROPPING +6 ring of intelligence.
  1870 | D:2      | 1870 ||| READING scroll labelled UXZIZUAFUM.
  1871 | D:2      | 1871 ||| READING scroll labelled VAKHLI OSKIF.
  1871 | D:2      | Identified a scroll of acquirement
  1871 | D:2      | 1871 ||| ACQUIRING +6 ring of dexterity
  1871 | D:2      | Acquired a +6 ring of dexterity
  1873 | D:2      | 1873 ||| UPGRADING to +6 ring of dexterity.
  1874 | D:2      | 1874 ||| READING scroll labelled PEMOMA BORUSHRI.
  2073 | D:3      | 2073 ||| Stepping ~*~*~tactically~*~*~ (hiding).
  2074 | D:3      | 2074 ||| Stepping ~*~*~tactically~*~*~ (hiding).
  2077 | D:3      | 2077 ||| Stepping ~*~*~tactically~*~*~ (hiding).
  2202 | D:3      | Noticed Grinder
  2204 | D:3      | Found a faded altar of an unknown god.
  2204 | D:3      | Paralysed by Grinder for 3 turns
  2204 | D:3      | Noticed Ijyb
  2218 | D:3      | Paralysed by Grinder for 5 turns
  2222 | D:3      | HP: 7/28 [Grinder (4)]
  2222 | D:3      | HP: 3/28 [Ijyb/+0 dagger (1)]
  2223 | D:3      | 2223 ||| READING 2 scrolls of teleportation.
  2223 | D:3      | HP: 1/28 [Grinder (1)]
  2224 | D:3      | Killed Ijyb
  2225 | D:3      | Reached skill level 1 in Dodging
  2225 | D:3      | Reached XP level 5. HP: 1/32 MP: 5/5
  2225 | D:3      | Slain by Grinder

Levels and vault maps discovered:
D:1:      minmay_arrival_hallway, layout_basic
D:2:      layout_basic, serial_forest, infiniplex_forest_straight_2,
          infiniplex_forest_lined_room_, infiniplex_forest_lined_room_2,
          infiniplex_forest_zigzag_1, infiniplex_forest_diagonal,
          infiniplex_forest_lined_room_3, infiniplex_forest_straight_2,
          basic_altar, uniq_jessica
D:3:      cheibrodos_thug_alley, layout_basic,
          ebering_ecumenical_altar_sacrificial, dk_noncrumbling_4,
          kennysheep_generic_room_11, uniq_ijyb, uniq_grinder, uniq_terence

Skill      XL: |  1  2  3  4 |
---------------+-------------+-----
Axes           | 2 3 |  3.9
Dodging        | 1 |  1.5
Fighting       | |  3.2
Throwing       | |  0.7
Armour         | |  3.2
Shields        | |  3.2

Action                     |  1- 3 |  4- 6 || total
---------------------------+-------+-------++-------
  Melee: War axe           |    94 |    55 ||   149
  Throw: Javelin           |    19 |       ||    19
    Use: Scroll            |     3 |     4 ||     7
         Potion            |     1 |       ||     1
 Armour: Scale mail        |    40 |    37 ||    77
  Dodge: Dodged            |    45 |    24 ||    69
  Block: Buckler           |    25 |    16 ||    41

Table legend:
 A = Non-vault XP
 B = Vault XP
 C = Vault XP percentage of total XP
 D = Non-vault monster count
 E = Vault monster count
 F = Vault count percentage of total count
                 A         B        C        D         E       F
            +---------+---------+-------+---------+---------+-------
      Total |      97 |      73 |  42.9 |      48 |       2 |   4.0
            +---------+---------+-------+---------+---------+-------
        D:1 |      40 |       0 |   0.0 |      23 |       0 |   0.0
        D:2 |      34 |      37 |  52.1 |      14 |       1 |   6.7
        D:3 |      23 |      36 |  61.0 |      11 |       1 |   8.3
            +---------+---------+-------+---------+---------+-------
